 Dungeon Crawl Stone Soup version 0.28-a0-413-gde365fb1df (webtiles) character file.

Game seed: 11274797967794764021

95 heikuro the Skirmisher (level 4, -8/37 HPs)
             Began as a Formicid Abyssal Knight on Sept 7, 2021.
             Was a Follower of Lugonu.
             Mangled by a gnoll (13 damage)
             ... on level 2 of the Dungeon.
             The game lasted 00:05:48 (2180 turns).

heikuro the Skirmisher (Formicid Abyssal Knight)    Turns: 2180, Time: 00:05:49

Health: -8/37      AC:  9    Str: 18    XL:     4   Next: 97%
Magic:  6/6        EV:  2    Int: 11    God:    Lugonu [*.....]
Gold:   45         SH: 10    Dex: 10    Spells: 3/3 levels left

rFire   . . .      SeeInvis +   a - +1 falchion
rCold   . . .      Faith    .   d - +0 tower shield
rNeg    + . .      Spirit   .   h - +0 chain mail
rPois   .          Reflect  .   (helmet unavailable)
rElec   .          Harm     .   (no cloak)
rCorr   .          Rampage  .   (no gloves)
Will    .....                   (no boots)
Stlth   ..........              (no amulet)
HPRegen 0.12/turn               m - ring of positive energy
MPRegen 0.10/turn               (no ring)

@: no status effects
A: permanent stasis, dig shafts and tunnels, antennae 3, four strong arms
a: Dig, Shaft Self, Renounce Religion, Depart the Abyss


You were on level 2 of the Dungeon.
You worshipped Lugonu.
Lugonu was aware of your devotion.
You visited 1 branch of the dungeon, and saw 2 of its levels.
You visited the Abyss 1 time.

You collected 45 gold pieces.

Inventory:

Hand Weapons
 a - a +1 falchion (weapon)
Armour
 d - a +0 tower shield (worn)
 h - a +0 chain mail (worn)
Jewellery
 m - a ring of positive energy (left hand)
Scrolls
 b - a scroll of noise {unknown}
 f - a scroll of teleportation {unknown}
 g - a scroll of fear {unknown}
 i - a scroll of enchant armour {unknown}
 j - a scroll of magic mapping {unknown}
 n - a scroll of identify {unknown}
 o - a scroll of summoning {unknown}
Potions
 c - 2 potions of haste {unknown}
 e - a potion of curing {unknown}
 k - a potion of mutation {unknown}
 l - a potion of flight {unknown}


   Skills:
 + Level 3.8 Fighting
 * Level 3.2 Long Blades
 + Level 2.9 Armour
 - Level 1.0 Dodging
 + Level 1.2 Shields
 + Level 3.0 Invocations


You had 3 spell levels left.
You didn't know any spells.
Your spell library contained the following spells:

 Spells                   Type           Power      Damage    Failure   Level
 Ozocubu's Armour         Ice            0%         N/A       100%        3
 Metabolic Englaciation   Hex/Ice        0%         N/A       100%        5
 Simulacrum               Ice/Necr       0%         N/A       100%        6


Dungeon Overview and Level Annotations

Branches:
Dungeon (2/15)

Altars:


Innate Abilities, Weirdness & Mutations

You cannot be hasted, slowed, berserked, paralysed or teleported.
You can dig through walls and to a lower floor.
You have a pair of large antennae on your head. (SInv)
Your four strong arms can wield two-handed weapons with a shield.


Message History

The gnoll is severely wounded.
The gnoll hits you but does no damage.
You closely miss the gnoll.
The gnoll is severely wounded.
The gnoll hits you but does no damage. You block the gnoll's attack.
You hit the gnoll.
You kill the gnoll!
Lugonu accepts your kill.
Your Invocations skill increases to level 3!
You swing at nothing.
You start resting.
HP restored.
You see here a +0 club.
You see here a +0 club.
You block the gnoll's attack.
You barely miss the gnoll. The gnoll hits you with a +0 halberd!
You hit the gnoll.
The gnoll is lightly wounded.
The gnoll completely misses you. The gnoll hits you with a +0 halberd!
You slash the gnoll!
The gnoll is severely wounded.
The gnoll hits you but does no damage. The gnoll hits you with a +0 halberd.
You closely miss the gnoll.
The gnoll is severely wounded.
You block the gnoll's attack.
You barely miss the gnoll.
The gnoll is severely wounded.
You block the gnoll's attack. The gnoll hits you but does no damage.
You hit the gnoll.
The gnoll is almost dead.
The gnoll hits you with a +0 halberd. x2
* * * LOW HITPOINT WARNING * * *
You hit the gnoll.
The gnoll is almost dead.
The gnoll hits you with a +0 halberd.
* * * LOW HITPOINT WARNING * * *
Your shield prevents you from hitting the gnoll.
The gnoll is almost dead.
The gnoll hits you with a +0 halberd!
You die...

. #......# g
#......# #......#
#......# ###.####
#.############
#)##........>.
#g##..........
#.@...........
#.............
#.............
#.............
###.............
#...............
#....#..........
#....#..........
########'#########


You could see a gnoll.

Vanquished Creatures
  Terence (D:2)
  A gnoll (D:2)
  3 adders
  8 ball pythons
  3 endoplasms
  A goblin (D:1)
  6 hobgoblins (D:1)
  2 jackals (D:1)
  A kobold (D:2)
  3 quokkas
  A bat (D:1)
  2 frilled lizards
  3 rats
35 creatures vanquished.

Notes
Turn   | Place    | Note
-------+----------+-------------------------------------------
     0 | Abyss:1  | heikuro the Formicid Abyssal Knight began the quest for the
                  | Orb.
     0 | Abyss:1  | Reached XP level 1. HP: 18/18 MP: 2/2
    65 | Abyss:1  | Noticed a mana viper
    67 | D:1      | Escaped the Abyss
   113 | D:1      | Reached skill level 1 in Dodging
   130 | D:1      | Reached XP level 2. HP: 18/24 MP: 3/3
   197 | D:1      | Reached * piety under Lugonu
   438 | D:1      | Reached XP level 3. HP: 29/29 MP: 4/4
  1147 | D:2      | Reached XP level 4. HP: 14/37 MP: 6/6
  1596 | D:2      | Reached skill level 1 in Shields
  1625 | D:2      | Found a faded altar of an unknown god.
  1729 | D:2      | Noticed Terence
  1744 | D:2      | Killed Terence
  2180 | D:2      | Mangled by a gnoll

Illustrated notes

Levels and vault maps discovered:
D:1:      eino_arrival_druids_welcome, layout_basic, skrybe_limestone_x,
          minmay_crystal_water, minivault_23, lemuel_another_geyser
D:2:      layout_basic, hellmonk_ecumenical_altar_slurped_away,
          grunt_decor_junction, uniq_terence

Skill      XL: |  1  2  3  4 |
---------------+-------------+-----
Dodging        | 1 |  1.0
Shields        | 1 |  1.2
Long Blades    | 3 |  3.2
Invocations    | 3 |  3.0
Fighting       | |  3.8
Armour         | |  2.9

Action                   |  1- 3 |  4- 6 || total
-------------------------+-------+-------++-------
Melee: Falchion          |    88 |    54 ||   142
Invok: Depart the Abyss  |     1 |       ||     1
 Abil: Dig               |     3 |       ||     3
Armor: Scale mail        |    23 |       ||    23
       Chain mail        |    28 |    28 ||    56
Dodge: Dodged            |    31 |     9 ||    40
Block: Tower shield      |    28 |    26 ||    54

Table legend: (Time is in decaauts)
 A = Elapsed time spent in this place.
 B = Non-inter-level travel time spent in this place.
 C = Inter-level travel time spent in this place.
 D = Time resting spent in this place.
 E = Time spent auto-exploring this place.
 F = Levels seen in this place.
 G = Mean time per level.
                   A        B        C        D        E       F      G
               +--------+--------+--------+--------+--------+-----+--------+
         Total |   2251 |   2190 |     61 |    955 |    627 |   3 |  750.3 |
       Dungeon |   2184 |   2123 |     61 |    955 |    614 |   2 | 1092.0 |
         Abyss |     67 |     67 |      0 |      0 |     13 |   1 |   67.0 |
               +--------+--------+--------+--------+--------+-----+--------+

Top non-repeatable levels by time:
     D:1: 1116 daAuts
     D:2: 1067 daAuts
 Abyss:1: 67 daAuts
